 Dungeon Crawl Stone Soup version 0.31-a0-1118-gbca3d03946 (webtiles) character file.

Game seed: 3981079060441951133

78 senseless the Ruffian (level 4, -6/36 HPs)
             Began as a Draconian Shapeshifter on Dec 4, 2023.
             Mangled by an ogre
             ... wielding a +0 giant club
              (32 damage)
             ... on level 3 of the Dungeon.
             The game lasted 00:03:39 (1676 turns).

senseless the Ruffian (Draconian Shapeshifter)      Turns: 1676, Time: 00:03:40

Health: -6/36      AC:  5    Str: 18    XL:     4   Next: 15%
Magic:  4/4        EV: 12    Int: 14    God:
Gold:   109        SH:  0    Dex: 10    Spells: 3/3 levels left

rFire   + . .        l - +5 whip "Yhobrux" {pain, rElec rF+ Int+3}
rCold   . . .        (no shield)
rNeg    . . .        (body armour unavailable)
rPois   .            (helmet currently unavailable)
rElec   +            (cloak currently unavailable)
rCorr   .            (gloves currently unavailable)
SInv    .            (boots currently unavailable)
Will    .....        (no amulet)
Stlth   +            (no ring)
HPRegen 0.26/turn    (no ring)
MPRegen 0.09/turn

%: no passive effects
@: beast-form
A: beast (slay +2), AC +5, unfitting armour, cold-blooded
a: Begin Untransformation


You were on level 3 of the Dungeon.
You were a hulking beast.
You visited 1 branch of the dungeon, and saw 3 of its levels.

You collected 109 gold pieces.

Inventory:

Hand Weapons
 d - a +0 spear
 l - the +5 whip "Yhobrux" (weapon) {pain, rElec rF+ Int+3}
   (You found it on level 2 of the Dungeon)

   Int+3:     It affects your intelligence (+3).
   rF+:       It protects you from fire.
   rElec:     It insulates you from electricity.
 n - a +1 mace of holy wrath
Missiles
 s - 2 atropa-tipped darts
Armour
 e - a +0 pair of gloves
 i - a +1 hat
Talismans
 b - a beast talisman
 c - a flux talisman
Scrolls
 g - a scroll of blinking {unknown}
 h - a scroll of immolation {unknown}
 j - 2 scrolls of amnesia {unknown}
 k - 3 scrolls of identify {unknown}
 o - a scroll of poison {unknown}
 q - a scroll of noise {unknown}
Potions
 a - a potion of lignification
 m - 2 potions of curing {unknown}
 p - a potion of degeneration {unknown}
 r - a potion of mutation {unknown}


   Skills:
 + Level 2.3 Fighting
 + Level 2.5 Dodging
 + Level 3.6 Unarmed Combat
 + Level 3.5 Shapeshifting


You had 3 spell levels left.
You didn't know any spells.
Your spell library contained the following spells:

 Spells                   Type           Power      Damage    Failure   Level
 Summon Lightning Spire   Summ/Air       0%         N/A       96%         4
 Lee's Rapid Deconstruct  Erth           0%         3d4*      100%        5
 Animate Armour           Summ/Erth      Unusable   N/A       N/A         4

Dungeon Overview and Level Annotations

Branches:
Dungeon (3/15)

Altars:

Shops:
D:1 :


Innate Abilities, Weirdness & Mutations

You are a hulking beast.
Your limbs bulge with bestial killing power. (Slay +2)
Your plain brown scales are hard. (AC +5)
You cannot fit into any form of body armour.
You are cold-blooded and may be slowed by cold attacks.


Message History

The worm is heavily wounded.
You hit the worm.
The worm is almost dead.
The worm bites you but does no damage.
You hit the worm but do no damage.
The worm is severely wounded.
The worm closely misses you.
You whack the worm!
You kill the worm!
No target in view!
No target in view!
No target in view!
No target in view!
No target in view!
No target in view!
As you open the door, it creaks loudly!
There is an open door here.
An ogre comes into view. It is wielding a +0 giant club.
You throw a 4 poisoned darts. The poisoned dart hits the ogre.
The ogre is poisoned.
You throw a 3 poisoned darts. The poisoned dart hits the ogre.
The ogre is lightly wounded.
You throw a 2 poisoned darts. The poisoned dart hits the ogre.
The ogre is lightly wounded.
You throw a poisoned dart. The poisoned dart hits the ogre.
The ogre looks even sicker.
The ogre is lightly wounded.
You whack the ogre!
The ogre is moderately wounded.
The ogre barely misses you.
You barely miss the ogre.
The ogre is moderately wounded.
The ogre hits you with a +0 giant club!
You barely miss the ogre.
Your tail-slap misses the ogre.
The ogre is moderately wounded.
You hit the ogre. You tail-slap the ogre.
The ogre is severely wounded.
The ogre hits you with a +0 giant club!!
Ouch! That really hurt!
You die...

#...# #...#
#...# #...#
#...# .
#...########..
##...##........
#.O((((........
#h#####........
#.#............
#.##.#..#.#####
#.#...#.#.##
#.#.........
#.#.#.#.#.##
#.#.#.#.#.#
#.#.#.#[# #
#.#.#.#.#


You could see an ogre (poisoned).

Vanquished Creatures
  2 adders (D:2)
  2 worms
  4 dart slugs
  4 ball pythons
  6 endoplasms (D:2)
  3 giant cockroaches
  2 hobgoblins (D:2)
  A quokka (D:1)
  2 bats (D:2)
  4 frilled lizards
  5 goblins
  7 kobolds
  5 rats
47 creatures vanquished.

Notes
Turn   | Place    | Note
-------+----------+-------------------------------------------
     0 | D:1      | senseless the Draconian Shapeshifter began the quest for
                  | the Orb.
     0 | D:1      | Reached XP level 1. HP: 16/16 MP: 1/1
   162 | D:1      | Found a faded altar of an unknown god.
   336 | D:1      | Reached XP level 2. HP: 23/23 MP: 2/2
   792 | D:1      | Found Bojuca's Book Emporium.
   884 | D:2      | Identified the +5 whip "Yhobrux" {pain, rElec rF+ Int+3}
   975 | D:2      | Reached XP level 3. HP: 28/29 MP: 3/3
  1265 | D:2      | Reached XP level 4. HP: 36/36 MP: 4/4
  1668 | D:3      | Noticed an ogre
  1676 | D:3      | Mangled by an ogre

Illustrated notes

Levels and vault maps discovered:
D:1:      tarquinn_simple_flora_water_f, layout_loops_ring, serial_shops,
          nicolae_shop_tiny_statue_garden, shapermc_ecumenical_altar_pompeii
D:2:      layout_loops_ring, chequers_serial_rivers_large_a
D:3:      layout_basic, grunt_gozag_breadcrumbs,
          mainiacjoe_overflow_surrounded_room, serial_shops, nicolae_shop_trees,
          minmay_misc_feat_diagonals, uniq_robin

Skill      XL: |  1  2  3 |
---------------+----------+-----
Dodging        | 2 |  2.5
Fighting       | 2 |  2.3
Unarmed Combat | |  3.6
Shapeshifting  | |  3.5

Action                     |  1- 3 |  4- 6 || total
---------------------------+-------+-------++-------
  Melee: Spear             |    63 |       ||    63
         Tailslap          |    10 |     3 ||    13
         Punch             |     2 |     1 ||     3
         Whip              |    39 |    17 ||    56
  Throw: Dart              |     1 |     4 ||     5
   Stab: Sleeping          |     3 |       ||     3
 Armour: Skin              |    33 |     5 ||    38
  Dodge: Dodged            |    41 |     6 ||    47

Table legend: (Time is in decaauts)
 A = Elapsed time spent in this place.
 B = Non-inter-level travel time spent in this place.
 C = Inter-level travel time spent in this place.
 D = Time resting spent in this place.
 E = Time spent auto-exploring this place.
 F = Levels seen in this place.
 G = Mean time per level.
                   A        B        C        D        E       F      G
               +--------+--------+--------+--------+--------+-----+--------+
         Total |   1694 |   1617 |     77 |      0 |   1313 |   3 |  564.7 |
       Dungeon |   1694 |   1617 |     77 |      0 |   1313 |   3 |  564.7 |
               +--------+--------+--------+--------+--------+-----+--------+

Top non-repeatable levels by time:
     D:1: 877 daAuts
     D:2: 760 daAuts
     D:3: 56 daAuts
